 Dungeon Crawl Stone Soup version 0.21.1-1-g345015fe64 (webtiles) character file.

191 Henning the Ruffian (level 5, 0/53 HPs)
             Began as a Troll Monk on June 17, 2018.
             Slain by a worker ant (2 damage)
             ... on level 4 of the Dungeon.
             The game lasted 00:07:56 (2548 turns).

Henning the Ruffian (Troll Monk)                    Turns: 2548, Time: 00:07:57

Health: 0/53       AC:  7    Str: 19    XL:     5   Next: 42%
Magic:  4/4        EV:  6    Int:  6    God:
Gold:   216        SH: 12    Dex: 13    Spells: 4/4 levels left

rFire    + . .     SeeInvis .     - Unarmed
rCold    . . .     Gourm    +   h - +0 large shield
rNeg     . . .     Faith    .   a - +0 robe
rPois    .         Spirit   .   (helmet restricted)
rElec    .         Reflect  .   k - +1 cloak
rCorr    .         Harm     .   (gloves unavailable)
MR       .....                  (boots unavailable)
Stlth    ++........             (no amulet)
HPRegen  0.57/turn              p - ring of protection from fire
MPRegen  0.09/turn              (no ring)

@: lethally poisoned (0 -> -2)
A: large, unfitting armour, claws 3, fast metabolism 3, gourmand, regeneration
1, shaggy fur 1, tough skin 2
a: no special abilities


You were on level 4 of the Dungeon.
You were very full.

You visited 1 branch of the dungeon, and saw 4 of its levels.

You collected 216 gold pieces.

Inventory:

Armour
 a - a +0 robe (worn)
 h - a +0 large shield (worn)
 k - a +1 cloak (worn)
Jewellery
 p - a ring of protection from fire (left claw)
Wands
 d - a wand of iceblast (12)
Scrolls
 c - a scroll of teleportation
 f - a scroll of remove curse
 l - 2 scrolls of fear
 m - a scroll of immolation
Potions
 e - a potion of berserk rage {unknown}
 n - 4 potions of curing
 o - 2 potions of agility {unknown}
 q - a potion of degeneration {unknown}
 r - a potion of ambrosia {unknown}
 s - a potion of might {unknown}
 u - a potion of haste {unknown}
Comestibles
 b - 8 rations


   Skills:
 + Level 3.1 Fighting
 + Level 3.1 Dodging
 - Level 1.0 Stealth
 + Level 1.5 Shields
 * Level 4.5 Unarmed Combat


You had 4 spell levels left.
You didn't know any spells.

Dungeon Overview and Level Annotations

Branches:
Dungeon (4/15)
 Temple: D:4-7

Altars:
Dithmenos
Kikubaaqudgha
Makhleb
Ru
Uskayaw
Zin


Innate Abilities, Weirdness & Mutations

You are too large for most types of armour.
You have claws for hands.
Your metabolism is lightning-fast.
You like to eat raw meat.
Your natural rate of healing is unusually fast.
You are covered in fur. (AC +1)
You have very tough skin. (AC +2)


Message History

You feel sick. The worker ant barely misses you.
You feel sick.
You feel sick.
You feel sick.
You feel sick.
The giant cockroach waves its antennae.
The worker ant bites you.
* * * LOW HITPOINT WARNING * * *
You are lethally poisoned!
The worker ant poisons you!
* * * LOW HITPOINT WARNING * * *
You feel sick.
* * * LOW HITPOINT WARNING * * *
You feel sick.
* * * LOW HITPOINT WARNING * * *
You feel sick.
There is a stone staircase leading down here.
* * * LOW HITPOINT WARNING * * *
You feel sick. The worker ant bites you.
You die...

*,* *,*##...##.###..**,* *# *,*
*,,,............##,***###. *,*
****#...##.#.#....,,,,,... *,*
#####...#....##..#*****#Y. *,*
#.........#...,..# ##Y♣
#.#####.###...#....#*#.# #..≈
#..............#.#.###.######.Y♣
######.#####.)..a..>Y..#.....Y.≈
#.####.)..@##..Y..s.####Y.≈
#######.##..###..########## #...
[........#.#.#.#.# *≈** #.##
#######..#.##.##.# **≈≈* #.#*
#..#.*####.# **≈≈*****#..*
#######..#.* #.# *≈≈≈≈≈≈*≈#.♣*
.........#.* #.#***≈≈≈≈≈≈***♣♣*
#######.##.****#..,,≈≈≈≈≈≈≈***
** #.##.**,,...,,*≈≈≈≈≈≈≈≈***≈


You could see a yak and a worker ant.

Vanquished Creatures
  An ogre (D:4)
  3 adders
  A worm (D:4)
  2 dart slugs (D:1)
  7 leopard geckos
  A ball python (D:3)
  3 giant cockroaches
  8 goblins
  7 hobgoblins
  4 jackals (D:1)
  2 quokkas
  6 bats
  6 frilled lizards
  8 kobolds
  4 rats
63 creatures vanquished.

Notes
Turn   | Place    | Note
-------+----------+-------------------------------------------
     0 | D:1      | Henning the Troll Monk began the quest for the Orb.
     0 | D:1      | Reached XP level 1. HP: 22/22 MP: 0/0
   129 | D:1      | Reached XP level 2. HP: 19/29 MP: 1/1
   507 | D:1      | Reached XP level 3. HP: 36/36 MP: 2/2
  1038 | D:2      | Found a sacrificial altar of Ru.
  1250 | D:2      | Found an ancient bone altar of Kikubaaqudgha.
  1314 | D:2      | Found a burning altar of Makhleb.
  1315 | D:2      | Noticed a balrug
  1321 | D:2      | Found a glowing silver altar of Zin.
  1321 | D:2      | Noticed an angel
  1656 | D:3      | Found a shadowy altar of Dithmenos.
  1660 | D:3      | Reached XP level 4. HP: 44/44 MP: 3/3
  2094 | D:3      | Reached skill level 1 in Shields
  2262 | D:4      | Reached skill level 4 in Unarmed Combat
  2412 | D:4      | Found a hide-covered altar of Uskayaw.
  2484 | D:4      | Noticed an ogre
  2496 | D:4      | Killed an ogre
  2496 | D:4      | Reached XP level 5. HP: 28/53 MP: 4/4
  2522 | D:4      | Noticed a yak
  2522 | D:4      | Noticed a yak
  2525 | D:4      | Noticed a yak
  2525 | D:4      | Noticed a yak
  2527 | D:4      | Noticed a yak
  2531 | D:4      | Noticed a yak
  2547 | D:4      | HP: 2/53 [poisoned by a worker ant]
  2548 | D:4      | Slain by a worker ant

Skill      XL: |  1  2  3  4 |
---------------+-------------+-----
Shields        | 1 |  1.5
Unarmed Combat | 4 |  4.5
Fighting       | 3 |  3.1
Dodging        | 3 |  3.1
Stealth        | |  1.0

Action                   |  1- 3 |  4- 6 || total
-------------------------+-------+-------++-------
Melee: Unarmed           |   152 |    68 ||   220
       Punch             |     1 |       ||     1
  Use: Scroll            |       |    11 ||    11
 Stab: Sleeping          |     8 |     3 ||    11
  Eat: Chunk             |    20 |     8 ||    28
Armor: Robe              |    62 |    16 ||    78
Dodge: Dodged            |    51 |    12 ||    63
Block: Large shield      |    68 |    36 ||   104
